 Dungeon Crawl Stone Soup version 0.24.1-4-ge52af88ad5 (webtiles) character file.

Game seed: 15782444646076546361, levelgen mode: deterministic

26827 Peloso the Carver (level 13, -3/116 HPs)
             Began as a Minotaur Fighter on Apr 12, 2020.
             Was the Champion of Okawaru.
             Slain by Harold
             ... wielding a +0 battleaxe of chopping
              (19 damage)
             ... on level 2 of the Lair of Beasts.
             The game lasted 00:36:25 (15331 turns).

Peloso the Carver (Minotaur Fighter)               Turns: 15331, Time: 00:36:25

Health: -3/116     AC: 18    Str: 23    XL:     13   Next: 1%
Magic:  12/13      EV: 13    Int:  5    God:    Okawaru [******]
Gold:   573        SH:  9    Dex: 16    Spells: 12/12 levels left

rFire    . . .     SeeInvis .   a - +4 long sword (freeze)
rCold    + . .     Gourm    .   c - +0 buckler {AC+3}
rNeg     . . .     Faith    +   d - +0 plate armour
rPois    .         Spirit   .   (helmet restricted)
rElec    .         Reflect  .   p - +0 cloak
rCorr    +         Harm     .   (no gloves)
MR       +....                  y - -6 pair of boots of Zioll {MR+ rCorr}
Stlth    ..........             s - amulet of faith
HPRegen  0.29/turn              z - +3 ring of dexterity
MPRegen  0.13/turn              D - ring of protection from cold

@: heroism, marked
A: retaliatory headbutt, horns 2
a: Heroism, Finesse, Renounce Religion


You were on level 2 of the Lair of Beasts.
You worshipped Okawaru.
Okawaru was exalted by your worship.
You were not hungry.

You visited 3 branches of the dungeon, and saw 15 of its levels.

You collected 921 gold pieces.
You spent 348 gold pieces at shops.

Inventory:

Hand Weapons
 a - a +4 long sword of freezing (weapon)
 b - the +6 short sword "Kaosm" {chaos, SInv}
   (You found it on level 5 of the Dungeon)

   Each time it hits an enemy it has a different, random effect.
   It lets you see invisible.
 j - the +1 triple sword of Fortitude {pain, rF+ Int+5 SInv, unknown}
   (Okawaru gifted it to you on level 2 of the Lair of Beasts)

   In the hands of one skilled in necromantic magic, it inflicts extra damage on
   living creatures.
   It affects your intelligence (+5).
   It protects you from fire.
   It lets you see invisible.
 x - the +6 dagger of the Shallot {flame, rPois rN+ Int+4}
   (You found it on level 8 of the Dungeon)

   It has been specially enchanted to burn those struck by it, causing extra
   injury to most foes and up to half again as much damage against particularly
   susceptible opponents.
   It affects your intelligence (+4).
   It protects you from poison.
   It protects you from negative energy.
Armour
 c - a +0 buckler of protection (worn)
 d - a +0 plate armour (worn)
 p - a +0 cloak (worn)
 y - the -6 pair of boots of Zioll (worn) {MR+ rCorr}
   (Okawaru gifted it to you on level 12 of the Dungeon)

   It affects your resistance to hostile enchantments.
   It provides partial protection from all sources of acid and corrosion.
 L - a +2 pair of boots
Jewellery
 l - an uncursed ring of see invisible
 s - an amulet of faith (around neck)
 t - an uncursed ring of protection from cold
 z - a +3 ring of dexterity (left hand)
 D - a ring of protection from cold (right hand)
Wands
 o - a wand of disintegration (12)
 M - a wand of digging (1)
Scrolls
 e - 5 scrolls of remove curse
 h - 3 scrolls of magic mapping
 k - 4 scrolls of fog
 v - 6 scrolls of teleportation {unknown}
 B - 3 scrolls of immolation {unknown}
 F - a scroll of fear {unknown}
 H - a scroll of noise
 I - a scroll of random uselessness {unknown}
 J - a scroll of summoning {unknown}
 K - a scroll of silence {unknown}
 N - a scroll of vulnerability {unknown}
Potions
 g - 3 potions of heal wounds
 i - 6 potions of curing
 n - 5 potions of haste
 q - a potion of agility
 A - 2 potions of resistance {unknown}
 E - 2 potions of degeneration {unknown}
 G - 3 potions of might
 Q - a potion of cancellation {unknown}
Comestibles
 f - 27 rations
 m - 8 chunks of flesh


   Skills:
 + Level 11.5(16.5) Fighting
 + Level 3.2(14.8) Short Blades
 + Level 14.9(20.1) Long Blades
 + Level 12.1(17.1) Armour
 + Level 4.5(9.5) Dodging
 + Level 1.0(6.0) Stealth
 + Level 12.7(17.7) Shields
 + Level 1.4 Invocations
 + Level 0.2 Evocations


You had 12 spell levels left.
You didn't know any spells.
Your spell library contained the following spells:

 Spells                   Type           Power        Failure   Level  Hunger
 Confusing Touch          Hex            #.....       98%         1    ##.....
 Magic Dart               Conj           #...         98%         1    ##.....
 Blink                    Tloc           N/A          99%         2    ###....
 Call Imp                 Summ           #.......     99%         2    ###....
 Poisonous Vapours        Pois/Air       #.....       99%         2    ###....
 Slow                     Hex            #.......     99%         2    ###....
 Confuse                  Hex            #.......     100%        3    ####...
 Conjure Flame            Conj/Fire      #.......     100%        3    ####...
 Gell's Gravitas          Tloc           #.........   100%        3    ####...
 Mephitic Cloud           Conj/Pois/Air  #.......     100%        3    ####...
 Petrify                  Tmut/Erth      #.......     100%        4    #####..
 Metabolic Englaciation   Hex/Ice        #.........   100%        5    ######.
 Yara's Violent Unravell  Hex/Tmut       #.........   100%        5    ######.
 Freezing Cloud           Conj/Ice/Air   #.........   100%        6    #######
 Ring of Flames           Chrm/Fire      #.........   100%        7    #######


Dungeon Overview and Level Annotations

Branches:
Dungeon (12/15)            Temple (1/1) D:4            Lair (2/6) D:9
    Orc (0/2) D:10
  Swamp: Lair:2-4    Shoals: Lair:2-4     Snake: Lair:2-4    Spider: Lair:2-4

Altars:
Ashenzari
Cheibriados
Dithmenos
Elyvilon
Fedhas
Gozag
Hepliaklqana
Kikubaaqudgha
Makhleb
Nemelex Xobeh
Okawaru
Qazlal
Ru
Sif Muna
Trog
Uskayaw
Vehumet
Wu Jian
Xom
Yredelemnul
Zin
The Shining One

Shops:
D:4 :?}

Annotations:
D:5 7 runed translucent doors, lysyklops's ghost, amateur MiFi
Lair:2 exclusion: 4 oklob plants, Harold


Innate Abilities, Weirdness & Mutations

You reflexively headbutt those who attack you in melee.
You have a pair of horns on your head.


Message History

You rip the net and break free!
You slice Harold!! You freeze Harold.
Harold is moderately wounded.
Harold hits you with a +0 battleaxe of chopping!!
You hit Harold. You freeze Harold.
Harold is moderately wounded.
You hit Harold. You freeze Harold. Your headbutt misses Harold.
Harold is heavily wounded.
Harold hits you with a +0 battleaxe of chopping!!
* * * LOW HITPOINT WARNING * * *
x2 You slice Harold!!
You freeze Harold.
Harold is severely wounded.
You slash Harold! You freeze Harold. Your headbutt misses Harold.
Harold is severely wounded.
Harold points at you and mumbles some strange words.
A sentinel's mark forms upon you.
You hit Harold. You freeze Harold.
Harold is almost dead.
Harold hits you with a +0 battleaxe of chopping!!
You die...

#[. #............. #P.
###............. #...
####.....<.........
##...##...............†..
#.........###.........÷..
...........##...........÷
.........####..P#.....###
..P..PP@## ##.####....##
P....###@## #..# #...P##
###. #.P# ###. ##...## #
#.........# ##....
##..####.#. #.##.# ###.
## ###### ##


You could see Harold.

Vanquished Creatures
  3 hydras
  5 two-headed ogres
  A death knight (D:8)
  An ugly thing (D:12)
  A cyclops (D:12)
  6 elephants (Lair:2)
  A centaur zombie (D:11)
  A guardian serpent (D:10)
  2 spiny frogs (Lair:2)
  A komodo dragon (Lair:1)
  3 freezing wraiths (D:8)
  2 trolls (D:12)
  A hornet (D:11)
  5 blink frogs (Lair:1)
  3 hippogriffs
  Sigmund (D:3)
  4 wyverns
  10 yaks
  Eustachio (D:5)
  2 wraiths
  A vampire (D:10)
  A basilisk (Lair:1)
  5 hungry ghosts
  Menkaure (D:4)
  3 water moccasins
  An acid dragon (D:12)
  4 porcupines
  2 black bears (D:7)
  9 orc warriors
  A swamp drake (D:9)
  A hornet zombie (D:12)
  5 ice beasts
  6 phantoms
  4 sky beasts
  A necrophage (D:6)
  Purgy (D:4)
  A centaur (D:10)
  11 crocodiles
  16 ogres
  10 bullfrogs
  2 wyvern skeletons
  5 scorpions
  19 killer bees
  8 wights (D:6)
  3 howler monkeys (D:8)
  An electric eel (Lair:2)
  5 crimson imps
  A bullfrog zombie (D:6)
  6 hounds
  7 jellies
  12 orc wizards
  A bullfrog skeleton (D:6)
  12 orc priests
  Crazy Yiuf (D:2)
  5 iguanas
  15 worker ants
  3 hound skeletons
  2 hound zombies
  A howler monkey zombie (D:9)
  3 gnolls (D:5)
  A howler monkey skeleton (D:7)
  20 adders
  2 shadow imps
  An ooze (D:2)
  2 adder zombies
  3 adder skeletons
  4 worms
  2 dart slugs
  7 leopard geckos
  60 orcs
  6 giant cockroaches
  8 goblins
  7 hobgoblins
  18 jackals
  5 quokkas
  A ball python (D:3)
  13 bats
  5 frilled lizards
  A jackal skeleton (D:2)
  6 kobolds
  A leopard gecko skeleton (D:5)
  11 rats
  A fungus (Lair:1)
  A plant (Lair:1)
436 creatures vanquished.

Vanquished Creatures (others)
  A two-headed ogre (D:12)
  A hound (D:12)
  2 plants
4 creatures vanquished.

Grand Total: 440 creatures vanquished

Notes
Turn   | Place    | Note
-------+----------+-------------------------------------------
     0 | D:1      | Peloso the Minotaur Fighter began the quest for the Orb.
     0 | D:1      | Reached XP level 1. HP: 19/19 MP: 0/0
    89 | D:1      | Reached XP level 2. HP: 19/27 MP: 1/1
   270 | D:1      | Reached XP level 3. HP: 24/33 MP: 2/2
   571 | D:2      | Reached skill level 3 in Long Blades
   706 | D:2      | Found a basalt altar of Yredelemnul.
   745 | D:2      | Reached XP level 4. HP: 22/40 MP: 3/3
   860 | D:2      | Found a snail-covered altar of Cheibriados.
   895 | D:2      | Found a runed translucent door.
   896 | D:2      | Noticed Crazy Yiuf
  1077 | D:2      | Killed Crazy Yiuf
  1077 | D:2      | Reached skill level 4 in Long Blades
  1077 | D:2      | Reached skill level 1 in Dodging
  1324 | D:3      | Noticed Sigmund
  1335 | D:2      | Reached XP level 5. HP: 26/46 MP: 4/4
  1568 | D:3      | Killed Sigmund
  1568 | D:3      | Reached skill level 5 in Long Blades
  1568 | D:3      | Reached skill level 5 in Shields
  1568 | D:3      | Reached XP level 6. HP: 49/53 MP: 5/5
  1925 | D:3      | Found a faded altar of an unknown god.
  2226 | D:4      | Noticed Menkaure
  2234 | D:4      | Killed Menkaure
  2234 | D:4      | Reached skill level 5 in Fighting
  2234 | D:4      | Reached skill level 5 in Armour
  2234 | D:4      | Reached XP level 7. HP: 6/61 MP: 6/6
  2235 | D:4      | Reached skill level 6 in Long Blades
  2501 | D:4      | Found Ifoy's Book Shoppe.
  2585 | D:4      | Found Exelapn's Magic Scroll Emporium.
  2600 | D:4      | Bought a scroll of identify for 26 gold pieces
  2600 | D:4      | Bought a scroll of magic mapping for 45 gold pieces
  2600 | D:4      | Bought a scroll of enchant armour for 97 gold pieces
  2674 | D:4      | Noticed Purgy
  2690 | D:4      | Killed Purgy
  2704 | D:4      | Found a shimmering altar of Xom.
  2869 | D:4      | Reached skill level 7 in Long Blades
  2870 | D:4      | Found a staircase to the Ecumenical Temple.
  2887 | Temple   | Entered the Ecumenical Temple
  2963 | Temple   | Became a worshipper of Warmaster Okawaru
  3296 | D:4      | Found Xuif's Gadget Emporium.
  3454 | D:5      | Entered Level 5 of the Dungeon
  3502 | D:5      | Found a runed translucent gate.
  3502 | D:5      | Found a runed translucent gate.
  3502 | D:5      | Found a runed translucent door.
  3509 | D:5      | Found the +9 staff of Olgreb {rPois}
  3512 | D:5      | Reached XP level 8. HP: 67/69 MP: 7/7
  3578 | D:5      | Found a runed translucent gate.
  3579 | D:5      | Found a runed translucent door.
  3657 | D:5      | Noticed Eustachio
  3697 | D:5      | Killed Eustachio
  3697 | D:5      | Reached skill level 8 in Long Blades
  3990 | D:5      | Got an encrusted short sword
  3991 | D:5      | Identified the +6 short sword "Kaosm" {chaos, SInv} (You
                  | found it on level 5 of the Dungeon)
  4174 | D:5      | Found a shadowy altar of Dithmenos.
  4390 | D:5      | Reached * piety under Okawaru
  4502 | D:5      | Found a runed translucent door.
  4502 | D:5      | Noticed lysyklops's ghost (amateur MiFi)
  4548 | D:5      | Found a runed translucent door.
  4627 | D:6      | Found a shadowy altar of Dithmenos.
  4662 | D:6      | Reached skill level 9 in Long Blades
  4688 | D:6      | Reached XP level 9. HP: 61/75 MP: 8/8
  5116 | D:6      | Reached ** piety under Okawaru
  5140 | D:6      | Reached skill level 10 in Long Blades
  5320 | D:6      | Found an ornate altar of the Wu Jian Council.
  5928 | D:7      | Reached *** piety under Okawaru
  5928 | D:7      | Reached skill level 11 in Long Blades
  5928 | D:7      | Reached XP level 10. HP: 88/88 MP: 9/9
  6107 | D:8      | Noticed a two-headed ogre
  6119 | D:8      | Killed a two-headed ogre
  6159 | D:8      | Got a blackened dagger
  6160 | D:8      | Identified the +6 dagger of the Shallot {flame, rPois rN+
                  | Int+4} (You found it on level 8 of the Dungeon)
  6448 | D:8      | Noticed a death knight
  7487 | D:8      | Reached **** piety under Okawaru
  7721 | D:8      | Reached skill level 12 in Long Blades
  7730 | D:8      | Killed a death knight
  7730 | D:8      | Received a gift from Okawaru
  7730 | D:8      | Reached skill level 1 in Short Blades
  8052 | D:8      | Found a hazy altar of Hepliaklqana.
  8069 | D:8      | Reached skill level 10 in Shields
  8576 | D:9      | Reached XP level 11. HP: 84/95 MP: 10/10
  8598 | D:9      | Reached ***** piety under Okawaru
  8677 | D:9      | Found a staircase to the Lair.
  8841 | D:9      | Noticed a two-headed ogre
  8852 | D:9      | Killed a two-headed ogre
  8932 | D:9      | Found a bloodstained altar of Trog.
  9041 | D:9      | Received a gift from Okawaru
  9391 | D:10     | Entered Level 10 of the Dungeon
  9410 | D:10     | Noticed a two-headed ogre
  9418 | D:10     | Killed a two-headed ogre
  9418 | D:10     | Reached skill level 1 in Invocations
  9453 | D:10     | Reached skill level 10 in Armour
  9577 | D:10     | Reached skill level 13 in Long Blades
 10200 | D:10     | Found a staircase to the Orcish Mines.
 10444 | D:4      | Bought a wand of digging (5) for 180 gold pieces
 10683 | D:11     | Noticed a two-headed ogre
 10695 | D:11     | Killed a two-headed ogre
 10720 | D:11     | Noticed a two-headed ogre
 10738 | D:11     | Killed a two-headed ogre
 10738 | D:11     | Reached skill level 1 in Stealth
 10767 | D:11     | Reached skill level 10 in Fighting
 11008 | D:11     | Noticed a six-headed hydra
 11017 | D:11     | Killed a seven-headed hydra
 11017 | D:11     | Received a gift from Okawaru
 11159 | D:11     | Noticed an eight-headed hydra
 11172 | D:11     | Killed an eight-headed hydra
 11172 | D:11     | Reached XP level 12. HP: 42/107 MP: 12/12
 11565 | D:11     | Received a gift from Okawaru
 11815 | D:12     | Found a shimmering altar of Xom.
 11846 | D:12     | Received a gift from Okawaru
 12040 | D:12     | Got a pair of smoking boots {god gift}
 12051 | D:12     | Identified the -6 pair of boots of Zioll {MR+ rCorr}
                  | (Okawaru gifted it to you on level 12 of the Dungeon)
 12139 | D:12     | Reached skill level 14 in Long Blades
 12148 | D:12     | Killed a two-headed ogre
 13283 | Lair:1   | Entered Level 1 of the Lair of Beasts
 13396 | Lair:1   | Noticed a seven-headed hydra
 13435 | Lair:1   | Killed a seven-headed hydra
 13633 | Lair:1   | Got a clouded pewter amulet
 13694 | Lair:1   | Identified the amulet "Duazorch" {Inacc rElec rPois SInv}
                  | (You found it on level 1 of the Lair of Beasts)
 14516 | Lair:2   | Reached ****** piety under Okawaru
 14554 | Lair:2   | Received a gift from Okawaru
 14559 | Lair:2   | Got a transparent triple sword {god gift}
 15280 | Lair:2   | Reached XP level 13. HP: 67/116 MP: 13/13
 15312 | Lair:2   | Noticed Harold
 15331 | Lair:2   | Slain by Harold

Levels and vault maps discovered:
D:1:      dpeg_arrival_rooms_c, layout_basic
D:2:      layout_rooms, marbit_many_paths, cheibriados_altar_1, first_ration,
          uniq_crazy_yiuf_cottage
D:3:      layout_loops_ring, chequers_ecumenical_altar_island, uniq_sigmund
D:4:      layout_basic, lemuel_doored_altar, minmay_temple_entry_large_hall,
          serial_shops, shop, nicolae_shop_crystal, nicolae_shop_behind_doors,
          uniq_purgy, uniq_menkaure
D:5:      layout_basic, nicolae_overflow_crystal_walls, ebering_ghost_sewer_f,
          minmay_misc_feat_tiny, grunt_decor_arrowhead,
          minmay_guarded_unrand_staff_of_olgreb, uniq_eustachio
D:6:      layout_basic, lemuel_crystal_altar, grunt_dithmenos_shadows
D:7:      layout_loops_cross
D:8:      cheibrodos_two_vegetables, layout_cave_pods, overflow_temple_1_default
D:9:      layout_gridville, erik_lair_dragon, grunt_ogre_cave,
          trog_three_pillars_becter
D:10:     layout_basic, hiddenorc1_lemuel, nrook_guardian_serpent_double
D:11:     layout_basic
D:12:     layout_basic, hex_medium, minivault_27, xom_confusion_cloud
Temple:   nicolae_temple_elliptical
Lair:1:   layout_regular_city, grunt_megastairs_1
Lair:2:   dpeg_oklob_gauntlet, layout_layer_cave, grunt_megastairs_5,
          serial_bayou_shore_a, uniq_harold

Skill      XL: |  1  2  3  4  5  6  7  8  9 10 11 12 |
---------------+-------------------------------------+-----
Fighting       | 4 5 6 7 8 10 11 | 11.5
Shields        | 4 5 6 7 8 10 11 12 | 12.7
Armour         | 4 5 6 7 9 10 12 | 12.1
Long Blades    | 3 4 5 7 9 11 12 13 14 | 14.9
Dodging        | 1 2 3 4 |  4.5
Short Blades   | 1 2 3 |  3.2
Invocations    | 1 |  1.4
Stealth        | 1 |  1.0
Evocations     | |  0.2

Action                   |  1- 3 |  4- 6 |  7- 9 | 10-12 | 13-15 || total
-------------------------+-------+-------+-------+-------+-------++-------
Melee: Long sword        |    81 |   117 |   366 |   797 |     8 ||  1369
       Headbutt          |     5 |    23 |    80 |   238 |     1 ||   347
       Dagger            |       |       |       |    48 |       ||    48
Invok: Heroism           |       |       |     1 |    13 |     1 ||    15
Evoke: Wand              |       |       |       |     4 |       ||     4
  Use: Scroll            |     1 |       |     5 |    10 |       ||    16
       Potion            |     1 |       |       |     3 |       ||     4
  Eat: Chunk             |       |     1 |    10 |    19 |       ||    30
       Ration            |       |     1 |     1 |     5 |       ||     7
Armor: Scale mail        |    53 |    43 |    11 |       |       ||   107
       Chain mail        |       |       |   173 |    43 |       ||   216
       Plate armour      |       |       |       |   304 |     3 ||   307
Dodge: Dodged            |    39 |    43 |   120 |   268 |     1 ||   471
Block: Shield            |    71 |    60 |   237 |   240 |       ||   608
       Buckler           |       |       |       |   112 |       ||   112
       Rpst.: Long sword |    13 |    10 |    39 |    64 |       ||   126
